cohdb
Replays
Latest Replays
All Replays
Popular Replays
Top Player Replays
Match Explorer
How It Works
Community
CoH3 Stats
Reddit
Sign in to upload your games and track your stats! →
Sign in with Steam
Match 39413772
Unlisted
Match 39413772
Overview
Messages
Build Orders
End
Panzergrenadier Squad
Selects Panzerjäger Kommand Battlegroup
Selects Mine Fields
250 Light Carrier
Panzergrenadier Squad
Construct Light Support Kompanie
Selects Tank Busters
2.5-tonne Medical Truck
Combat Half-tracks
Fire Support Elements
Panzerjäger Mechanized Group
Veteran Squad Leaders
Flakvierling Half-track
Selects Defensive Positions
Construct Mechanized Kompanie
Emergency Repair Kits
Panzerjäger Squad
Selects Butterfly Bomb Drop
Construct Panzerarmee Kommand
Butterfly Bomb Drop
Selects Crew Shock Tactics
Panzer III L Medium Tank
Panzer III L Medium Tank
BringDaRakuS
JareK
Waaaargh!!
Carbine
抖音雨哲QAQ
Honey
rich
Buy Bitcoin
0
0
Comments
sign in to comment!
No comments posted yet!